 Dungeon Crawl Stone Soup version 0.23.1 (webtiles) character file.

Game seed: 13696040537636578771

37 Borgoz the Sneak (level 3, -2/28 HPs)
             Began as a Ghoul Enchanter on Mar 2, 2019.
             Slain by an orc
             ... wielding a +0 flail
              (9 damage)
             ... on level 2 of the Dungeon.
             The game lasted 00:01:51 (1087 turns).

Borgoz the Sneak (Ghoul Enchanter)                  Turns: 1087, Time: 00:01:52

Health: -2/28      AC:  2    Str:  8 (11) XL:     3   Next: 39%
Magic:  4/4        EV: 12    Int:  8 (10) God:
Gold:   76         SH:  0    Dex:  8 (10) Spells: 2/5 levels left

rFire    . . .     SeeInvis .   a - +1 dagger
rCold    + . .     Gourm    .   (no shield)
rNeg     + + +     Faith    .   b - +0 robe
rPois    ∞         Spirit   .   (no helmet)
rElec    .         Reflect  .   (no cloak)
rCorr    .         Harm     .   (no gloves)
MR       .....                  (no boots)
Stlth    ++........             (no amulet)
HPRegen  0.00/turn              (no ring)
MPRegen  0.09/turn              (no ring)

@: rotting
A: rotting body, claws 1, carnivore, cold resistance 1, negative energy
resistance 3, inhibited regeneration, torment resistance, unbreathing
a: no special abilities


You were on level 2 of the Dungeon.
You were not hungry.

You visited 1 branch of the dungeon, and saw 2 of its levels.

You collected 76 gold pieces.

Inventory:

Hand Weapons
 a - a +1 dagger (weapon)
Armour
 b - a +0 robe (worn)
Scrolls
 e - 2 scrolls of remove curse
 g - a scroll of immolation {unknown}
Potions
 f - a potion of haste {unknown}
Comestibles
 d - a ration


   Skills:
 * Level 1.0 Fighting
 * Level 1.6 Short Blades
 + Level 0.2 Throwing
 + Level 0.6 Armour
 + Level 1.8 Dodging
 * Level 3.6 Stealth
 + Level 1.9 Spellcasting
 + Level 2.5 Hexes


You had 2 spell levels left.
You knew the following spells:

 Your Spells              Type           Power        Failure   Level  Hunger
a - Corona                Hex            #......      13%         1    ##.....
b - Ensorcelled Hibernat  Hex/Ice        #.....       32%         2    ###....

Your spell library contained the following spells:

 Spells                   Type           Power        Failure   Level  Hunger
 Confuse                  Hex            #.......     36%         3    ####...
 Tukima's Dance           Hex            #.......     36%         3    ####...
 Dazzling Spray           Conj/Hex       #.....       54%         3    ####...


Dungeon Overview and Level Annotations

Branches:
Dungeon (2/15)

Altars:


Innate Abilities, Weirdness & Mutations

Your body is rotting away.
You thrive on raw meat.
You are immune to poison.
You have sharp fingernails.
You are carnivorous and can eat meat at any time.
Your flesh is cold resistant. (rC+)
You are immune to negative energy. (rN+++)
You do not regenerate when monsters are visible.
You are immune to unholy pain and torment.
You can survive without breathing.


Message History

The orc is lightly wounded.
The orc misses you.
You barely miss the orc.
The orc is lightly wounded.
The orc barely misses you.
You closely miss the orc. The orc hits you with a +0 flail.
You are too injured to fight recklessly!
You are too injured to fight recklessly!
You are too injured to fight recklessly!
You barely miss the orc. You hit the orc but do no damage.
The orc hits you with a +0 flail.
You hit the orc.
The orc is moderately wounded.
The orc hits you with a +0 flail.
* * * LOW HITPOINT WARNING * * *
It was a potion of degeneration.
There was something very wrong with that liquid.
You feel weakened.
You feel dopey.
You feel clumsy. The orc hits you with a +0 flail!
You die...

...#.#.####.##
.............#
..........#.#.
...........#. ..######
#.<...#....
......###..........
#...##.....(....
#.#####........#......
#..oo@....##.###......
#######.####.# #......
#.# #.# #...... #.#
#.# #...... ..# #.#
##.#### #.# #.# .# #.#
#.# .# #.#


You could see an orc wizard and an orc.

Vanquished Creatures
  An adder (D:2)
  A dart slug (D:1)
  A leopard gecko (D:1)
  An orc (D:2)
  2 giant cockroaches (D:1)
  A hobgoblin (D:1)
  4 bats
  2 frilled lizards (D:1)
  6 goblins
  4 rats
23 creatures vanquished.

Notes
Turn   | Place    | Note
-------+----------+-------------------------------------------
     0 | D:1      | Borgoz the Ghoul Enchanter began the quest for the Orb.
     0 | D:1      | Reached XP level 1. HP: 14/14 MP: 2/2
   280 | D:1      | Reached skill level 1 in Short Blades
   316 | D:1      | Reached XP level 2. HP: 11/22 MP: 3/3
   940 | D:2      | Reached XP level 3. HP: 25/27 MP: 4/4
   957 | D:2      | Reached skill level 1 in Fighting
  1002 | D:2      | Learned a level 2 spell: Ensorcelled Hibernation
  1087 | D:2      | Slain by an orc

Skill      XL: |  1  2  3 |
---------------+----------+-----
Short Blades   | 1 |  1.6
Fighting       | 1 |  1.0
Throwing       | |  0.2
Armour         | |  0.6
Dodging        | |  1.8
Stealth        | |  3.6
Spellcasting   | |  1.9
Hexes          | |  2.5

Action                   || total
-------------------------++-------
Melee: Dagger            ||   106
 Cast: Corona            ||     6
  Use: Potion            ||     2
       Scroll            ||     1
 Stab: Sleeping          ||     1
  Eat: Chunk             ||    16
Armor: Robe              ||    13
Dodge: Dodged            ||    76
